 Dungeon Sprint DCSS version 0.21.1-1-g345015f (webtiles) character file.

1355 Fang the Cleaver (level 8, -10/60 HPs)
             Began as a Gargoyle Berserker on June 27, 2018.
             Was a High Priest of Trog.
             Mangled by a cyclops (12 damage)
             ... in the Dungeon (Sprint VII: "The Pits").
             The game lasted 00:03:03 (986 turns).

Fang the Cleaver (Gargoyle Berserker)                Turns: 986, Time: 00:03:04

Health: -10/60     AC: 22    Str: 26    XL:     8   Next: 63%
Magic:  8/8        EV: 14    Int:  8    God:    Trog [*****.]
Gold:   0          SH:  0    Dex: 12    Spells: 7/7 levels left

rFire    . . .     SeeInvis .   n - +8 battleaxe of Absolutism {chop, rElec Str+3 Dex+3}
rCold    . . .     Gourm    .   (shield currently unavailable)
rNeg     + . .     Faith    .   t - +4 chain mail
rPois    ∞         Spirit   .   (no helmet)
rElec    +         Reflect  .   (no cloak)
rCorr    .         Harm     .   (no gloves)
MR       .....     NoTele   +   (no boots)
Stlth    ..........             (no amulet)
HPRegen  0.20/turn              o - +3 ring of evasion
MPRegen  0.11/turn              q - +3 ring of protection

@: berserk cooldown, slowed, very slow
A: negative energy resistance 1, electricity resistance, unbreathing,
petrification resistance, rot immunity, AC +5
a: Berserk, Trog's Hand, Brothers in Arms, Burn Spellbooks, Renounce Religion


You were in the Dungeon.
You worshipped Trog.
Trog was extremely pleased with you.
You were near starving.

You visited 1 branch

Inventory:

Hand Weapons
 j - a +2 hand axe
 m - a +2 hand axe of freezing
 n - the +8 battleaxe of Absolutism (weapon) {chop, rElec Str+3 Dex+3}
   (Trog gifted it to you in the Dungeon)

   It inflicts extra damage upon your enemies.
   It affects your strength (+3).
   It affects your dexterity (+3).
   It insulates you from electricity.
 s - a +1 broad axe of chopping
Armour
 t - a +4 chain mail (worn)
Jewellery
 o - a +3 ring of evasion (left hand)
 q - a +3 ring of protection (right hand)
Scrolls
 i - a scroll of blinking
 k - 3 scrolls of remove curse
 l - a scroll of summoning
Potions
 a - 2 potions of invisibility
 d - 6 potions of curing
 e - 7 potions of heal wounds
 f - a potion of haste
 g - 4 potions of magic
 h - 5 potions of berserk rage
 p - 3 potions of brilliance
 r - 3 potions of agility
Comestibles
 c - 9 rations


   Skills:
 + Level 11.5 Fighting
 + Level 12.1 Axes
 + Level 4.5 Armour
 + Level 6.6 Dodging


You had 7 spell levels left.
You didn't know any spells.

Dungeon Overview and Level Annotations

Branches:
Dungeon (1/1)

Altars:
Cheibriados
Dithmenos
Elyvilon
Fedhas
Gozag
Hepliaklqana
Makhleb
Nemelex Xobeh
Okawaru
Qazlal
Ru
Sif Muna
Trog
Vehumet
Wu Jian
Xom
Yredelemnul
Zin
The Shining One
Beogh
Jiyva
Lugonu


Innate Abilities, Weirdness & Mutations

You are resistant to torment.
Your stone body is resilient. (AC +5)
You are immune to poison.
You resist negative energy. (rN+)
You are resistant to electric shocks. (rElec)
You can survive without breathing.
You are immune to petrification.
You are immune to rotting.


Message History

You feel a strong urge to attack something.
You are no longer berserk.
You are exhausted.
You feel yourself slow down. The cyclops completely misses you.
The cyclops hits you!
* * * LOW HITPOINT WARNING * * *
You barely miss the cyclops. The cyclops hits you!
* * * LOW HITPOINT WARNING * * *
You slash the cyclops!
The cyclops is lightly wounded.
The cyclops closely misses you.
Your iron troll goes berserk!
You are near starving!
The cyclops hits you.
* * * LOW HITPOINT WARNING * * *
Unknown command.
You slash the cyclops!
The cyclops is heavily wounded.
The cyclops hits you!
You die...

....##................#
###'#####'#####''######
....##.......##''#
....##.......##..#
#'####.......##..#
††..##...<...##(.#
....##.......##(.#
....##.......##..##
######.......##.@C#
.#.. ##########....+
.#.############T..##
.#)#....#..[[##..##
.#)#†...#..[[##..#
.#.'†...'...)##..#
.#'#....#..))##..#
.).#....#..))##..#
##############


You could see a cyclops and a friendly iron troll (berserk).

Vanquished Creatures
  A deep elf mage (D)
  An acid dragon (D)
  A porcupine (D)
  An orc warrior (D)
  A phantom (D)
  A sky beast (D)
  2 wolves (D)
  A bullfrog (D)
  A scorpion (D)
  A crimson imp (D)
  A jelly (D)
  2 orc priests (D)
  An orc wizard (D)
  A hell rat (D)
  A gnoll (D)
  A white imp (D)
  An ufetubus (D)
  An adder skeleton (D)
  A leopard gecko (D)
  2 orcs (D)
  2 goblins (D)
  4 jackals (D)
  2 quokkas (D)
  A rat (D)
32 creatures vanquished.

Notes
Turn   | Place    | Note
-------+----------+-------------------------------------------
     0 | D        | Fang the Gargoyle Berserker began the quest for the Orb.
     0 | D        | Reached XP level 1. HP: 14/14 MP: 1/1
    18 | D        | Reached skill level 3 in Axes
    94 | D        | Found a bloodstained altar of Trog.
    94 | D        | Found a deep blue altar of Sif Muna.
    94 | D        | Found a viscous altar of Jiyva.
    94 | D        | Found a hazy altar of Hepliaklqana.
    94 | D        | Found an opulent altar of Gozag.
    95 | D        | Found a glowing golden altar of the Shining One.
    95 | D        | Found a glowing silver altar of Zin.
    95 | D        | Found a basalt altar of Yredelemnul.
    95 | D        | Found a shimmering altar of Xom.
    95 | D        | Found an ornate altar of the Wu Jian Council.
    95 | D        | Found a sacrificial altar of Ru.
    95 | D        | Found a stormy altar of Qazlal.
    95 | D        | Found an iron altar of Okawaru.
    95 | D        | Found a sparkling altar of Nemelex Xobeh.
    95 | D        | Found a burning altar of Makhleb.
    95 | D        | Found a blossoming altar of Fedhas.
    95 | D        | Found a white marble altar of Elyvilon.
    95 | D        | Found a shadowy altar of Dithmenos.
    95 | D        | Found a snail-covered altar of Cheibriados.
    97 | D        | Found a radiant altar of Vehumet.
    97 | D        | Found a corrupted altar of Lugonu.
    97 | D        | Found a roughly hewn altar of Beogh.
   153 | D        | Reached ** piety under Trog
   153 | D        | Reached XP level 2. HP: 12/20 MP: 2/2
   334 | D        | Reached *** piety under Trog
   337 | D        | Reached skill level 4 in Axes
   430 | D        | Noticed a scorpion
   431 | D        | Noticed a phantom
   431 | D        | Noticed a crimson imp
   433 | D        | Killed a scorpion
   433 | D        | Reached skill level 5 in Axes
   433 | D        | Reached XP level 3. HP: 27/27 MP: 3/3
   433 | D        | Reached XP level 4. HP: 32/32 MP: 4/4
   435 | D        | Received a gift from Trog
   436 | D        | Reached **** piety under Trog
   437 | D        | Reached skill level 6 in Axes
   437 | D        | Reached XP level 5. HP: 38/38 MP: 5/5
   437 | D        | Reached ***** piety under Trog
   448 | D        | Reached skill level 7 in Axes
   450 | D        | Received a gift from Trog
   531 | D        | Killed a phantom
   531 | D        | Reached skill level 8 in Axes
   531 | D        | Reached XP level 6. HP: 45/45 MP: 6/6
   537 | D        | Got a twisted battleaxe {god gift}
   538 | D        | Identified the +8 battleaxe of Absolutism {chop, rElec Str+3 Dex+3} (Trog gifted it to you in the Dungeon)
   552 | D        | Noticed an orc warrior
   557 | D        | Killed an orc warrior
   557 | D        | Reached skill level 9 in Axes
   674 | D        | Reached skill level 5 in Dodging
   674 | D        | Reached XP level 7. HP: 52/52 MP: 7/7
   677 | D        | Noticed a deep elf mage
   683 | D        | Reached skill level 10 in Fighting
   683 | D        | Reached skill level 10 in Axes
   687 | D        | Killed a deep elf mage
   687 | D        | Received a gift from Trog
   687 | D        | Reached skill level 11 in Axes
   687 | D        | Reached XP level 8. HP: 52/60 MP: 8/8
   970 | D        | Noticed a cyclops
   978 | D        | Reached skill level 12 in Axes
   983 | D        | HP: 3/60 [cyclops (11)]
   985 | D        | HP: 1/60 [cyclops (2)]
   986 | D        | Mangled by a cyclops

Skill      XL: |  1  2  3  4  5  6  7  8 |
---------------+-------------------------+-----
Axes           | 3 5 6 8 9 11 12 | 12.1
Fighting       | 4 6 7 8 9 11 | 11.5
Dodging        | 2 3 4 5 6 |  6.6
Armour         | 3 4 |  4.5

Action                   |  1- 3 |  4- 6 |  7- 9 || total
-------------------------+-------+-------+-------++-------
Melee: Hand axe          |    31 |    36 |       ||    67
       Battleaxe         |       |     6 |    21 ||    27
Invok: Berserk           |     1 |     1 |     2 ||     4
       Brothers in Arms  |       |       |     1 ||     1
  Use: Potion            |       |     1 |       ||     1
  Eat: Chunk             |       |     1 |     2 ||     3
Armor: Animal skin       |    13 |     9 |     1 ||    23
       Chain mail        |       |       |     3 ||     3
Dodge: Dodged            |    26 |    21 |    14 ||    61
